 Dungeon Crawl Stone Soup version 0.29.0-7-g18a832c13a (webtiles) character file.

Game seed: 13316415653635147964

39 sanka the Stinger (level 3, -1/25 HPs)
             Began as a Palentonga Venom Mage on Aug 31, 2022.
             Was a Follower of Sif Muna.
             Slain by a gnoll
             ... wielding a +0 flail
              (5 damage)
             ... on level 2 of the Dungeon.
             The game lasted 00:02:47 (2100 turns).

sanka the Stinger (Palentonga Venom Mage)           Turns: 2100, Time: 00:02:48

Health: -1/25      AC:  4    Str: 13    XL:     3   Next: 26%
Magic:  5/6        EV:  9    Int: 17    God:    Sif Muna [*.....]
Gold:   38         SH:  0    Dex: 10    Spells: 3/6 levels left

rFire   . . .      SeeInvis +   (no weapon)
rCold   . . .      Faith    .   (no shield)
rNeg    . . .      Spirit   .   a - +0 robe
rPois   .          Reflect  .   (no helmet)
rElec   .          Harm     .   (no cloak)
rCorr   .          Rampage  .   (no gloves)
Will    .....                   (no barding)
Stlth   +.........              (no amulet)
HPRegen 0.08/turn               (no ring)
MPRegen 0.10/turn               (no ring)

@: mighty
A: large, rugged brown scales 3, see invisible, deformed body, roll 1, armoured
tail
a: Rolling Charge, Renounce Religion, Channel Magic


You were on level 2 of the Dungeon.
You worshipped Sif Muna.
Sif Muna was aware of your devotion.
You visited 1 branch of the dungeon, and saw 2 of its levels.

You collected 58 gold pieces.
You spent 20 gold pieces at shops.


Innate Abilities, Weirdness & Mutations

You are completely covered in rugged brown scales. (AC +3, +7% HP)
You have supernaturally acute eyesight. (SInv)
Armour fits poorly on your strangely shaped body.
You can roll at nearby foes to attack.
You have a long armoured tail.


   Skills:
 - Level 1.5 Dodging
 - Level 1.2 Stealth
 - Level 2.0 Spellcasting
 - Level 1.0 Transmutations
 + Level 1.8 Air Magic
 - Level 3.0 Poison Magic


You had 3 spell levels left.
You knew the following spells:

 Your Spells              Type           Power      Damage    Failure   Level
y - Poisonous Vapours     Pois/Air       18%        N/A       11%         2
z - Sting                 Tmut/Pois      32%        1d4       9%          1

Your spell library contained the following spells:

 Spells                   Type           Power      Damage    Failure   Level
 Mephitic Cloud           Conj/Pois/Air  7%         N/A       30%         3
 Olgreb's Toxic Radiance  Pois           11%        N/A       50%         4
 Sticky Flame             Conj/Fire      1%         2d3       88%         4
 Ignition                 Fire           0%         3d3       100%        8

Inventory:

Armour
 a - a +0 robe (worn)
 c - a +0 pair of gloves
Scrolls
 d - a scroll of noise {!r}
 f - a scroll of magic mapping
 h - a scroll of identify {@r1}
 l - a scroll of amnesia {unknown}
 m - a scroll of butterflies
Potions
 b - a potion of magic
 g - a potion of degeneration {unknown}
 i - a potion of brilliance {unknown}
 j - a potion of heal wounds {unknown}
 k - a potion of mutation {unknown}
 n - a potion of ambrosia {unknown}

Dungeon Overview and Level Annotations

Branches:
Dungeon (2/15)

Altars:
Sif Muna

Shops:
D:1

!??** ▒▒ ▒▒▒▒▒▒▒▒▒ .▒▒▒▒
▒.......▒
....▒▒▒▒▒.......▒
▒...............▒
▒▒.....▒........▒▒
▒▒....▒▒........▒
▒▒▒▒▒▒▒........▒▒▒▒▒▒..
▒.......H........
▒▒.▒▒▒▒▒▒g....▒.▒
▒▒▒▒▒▒▒........▒▒▒.▒
.............▒▒ ..
....▒▒.......gg...▒.
▒▒▒▒▒▒......▒......g...▒
.........▒▒............▒
....................K...
........................


You could see a gnoll.


Message History

You start resting.
Magic restored.
You now have enough gold to buy a scroll labelled TAL AKHITA on D:1, buy a scroll labelled VUOSUA PUOTT on D:1, buy a scroll of teleportation on D:1, or buy a scroll of teleportation on D:1.
You can access your shopping list by pressing '$'.
You now have 38 gold pieces (gained 13). 2 gnolls come into view.
The gnoll shouts!
You hear a shout!
You hear a shout!
The gnoll moves out of view.
You hear a shout!
You hear a shout!
A gnoll is nearby!
A gnoll is nearby!
A kobold and 2 gnolls come into view.
The gnoll shouts!
The gnoll hits you from afar with a +0 halberd!
The sting misses the gnoll.
The gnoll hits you with a +0 flail.
* * * LOW HITPOINT WARNING * * *
The gnoll completely misses you.
Unknown command.
The gnoll attacks as you move away! The gnoll hits you with a +0 flail!
* * * LOW HITPOINT WARNING * * *
The gnoll attacks as you move away! The gnoll misses you.
You feel very mighty all of a sudden. The gnoll hits you with a +0 flail.
You die...

Action                   || total
-------------------------++-------
Melee: Unarmed           ||    33
       Tailslap          ||     3
 Cast: Sting             ||    48
  Use: Scroll            ||     4
       Potion            ||     1
Armor: Robe              ||    23
Dodge: Dodged            ||    26

Levels and vault maps discovered:
D:1:      mushboom_english_gardens, layout_basic, serial_shops, shop, shop,
          nicolae_shop_trees, shop_fountains, nicolae_shop_behind_doors,
          chequers_jeans
D:2:      layout_rooms, shapermc_ecumenical_altar_venn

Notes
Turn   | Place    | Note
-------+----------+-------------------------------------------
     0 | D:1      | sanka the Palentonga Venom Mage began the quest for the
                  | Orb.
     0 | D:1      | Reached XP level 1. HP: 13/13 MP: 3/3
   123 | D:1      | Found Zilu's Assorted Antiques.
   152 | D:1      | Found Zohono's Assorted Antiques.
   241 | D:1      | HP: 1/13 [quokka (2)]
   586 | D:1      | Found Erphuifao's Magic Scroll Emporium.
   599 | D:1      | Bought a scroll of identify for 20 gold pieces
   613 | D:1      | Reached XP level 2. HP: 11/20 MP: 0/5
   757 | D:1      | Learned a level 2 spell: Poisonous Vapours
   801 | D:1      | Reached skill level 3 in Poison Magic
   970 | D:1      | Found Kurphec's Distillery.
  1095 | D:1      | Found Bipn's Magic Scroll Shop.
  1203 | D:1      | Reached skill level 1 in Air Magic
  1808 | D:2      | Reached XP level 3. HP: 19/25 MP: 0/6
  1915 | D:2      | Got Ridatao's Secrets of the Pyromaniac
  1940 | D:2      | Found a faded altar of an unknown god.
  1955 | D:2      | Prayed at the altar of an unknown god.
  1955 | D:2      | Became a worshipper of Sif Muna the Loreminder
  1955 | D:2      | Reached * piety under Sif Muna
  2100 | D:2      | Slain by a gnoll

Vanquished Creatures
  2 dart slugs
  2 ball pythons
  2 endoplasms (D:1)
  3 giant cockroaches
  2 goblins
  3 hobgoblins (D:1)
  2 quokkas (D:1)
  8 bats
  A frilled lizard (D:1)
  4 kobolds
  2 rats
31 creatures vanquished.
